 Dungeon Crawl Stone Soup version 0.27-a0-1144-g0b7d3b79db (webtiles) character file.

Game seed: 11668738228206712604

2 Shayle the Grasshopper (level 1, 0/11 HPs)
             Began as a Vine Stalker Warper on May 11, 2021.
             Slain by a ball python (1 damage)
             ... on level 3 of the Dungeon.
             The game lasted 00:00:43 (53 turns).

Shayle the Grasshopper (Vine Stalker Warper)          Turns: 53, Time: 00:00:43

Health: 0/11       AC:  3    Str: 13    XL:     1   Next: 30%
Magic:  0/4        EV:  8    Int: 13    God:
Gold:   9          SH:  0    Dex: 13    Spells: 4/4 levels left

rFire    . . .     SeeInvis .     - Unarmed
rCold    . . .     Faith    .   (no shield)
rNeg     . . .     Spirit   +   a - +0 leather armour
rPois    .         Reflect  .   (no helmet)
rElec    .         Harm     .   (no cloak)
rCorr    .         Rampage  .   (no gloves)
Will     .....                  (no boots)
Stlth    +.........             (no amulet)
HPRegen  0.03/turn              (no ring)
MPRegen  0.09/turn              (no ring)

@: constricted
A: fangs 2, magic shield, antimagic bite, no potion heal 2
a: no special abilities


You were on level 3 of the Dungeon.
You visited 1 branch of the dungeon, and saw 3 of its levels.

You collected 9 gold pieces.

Inventory:

Missiles
 d - 2 boomerangs of dispersal (quivered)
Armour
 a - a +0 leather armour (worn)
Scrolls
 b - a scroll of noise {unknown}
 c - a scroll of blinking


   Skills:
 - Level 1.7 Fighting
 - Level 0.8 Throwing
 - Level 0.7 Armour
 - Level 1.5 Dodging
 + Level 2.2 Unarmed Combat
 - Level 2.1 Spellcasting
 - Level 3.0 Translocations


You had 4 spell levels left.
You didn't know any spells.
Your spell library contained the following spells:

 Spells                   Type           Power      Damage    Failure   Level
 Blink                    Tloc           N/A        N/A       14%         2
 Gell's Gravitas          Tloc           4%         N/A       28%         3
 Lesser Beckoning         Tloc           4%         N/A       28%         3
 Teleport Other           Tloc           9%         N/A       28%         3
 Manifold Assault         Tloc           9%         N/A       95%         5


Dungeon Overview and Level Annotations

Branches:
Dungeon (3/15)

Altars:


Innate Abilities, Weirdness & Mutations

You have extremely sharp teeth.
When hurt, damage is shared between your health and your magic reserves.
Your bite disrupts and absorbs the magic of your enemies.
Potions cannot restore your health.


Message History

Unknown command.
You barely miss the ball python. You bite the ball python. You drain its power.
You feel invigorated.
The ball python is severely wounded.
The ball python bites you but does no damage.
The ball python constricts you.
Unknown command.
Throw: 5 boomerangs (disperse)
Press: ? - help, Q - select action Shift-Dir - straight line, f - ball python
Aim: a ball python (severely wounded, constricting you, 52% to hit)
You throw a boomerang of dispersal.
The boomerang of dispersal closely misses the ball python.
The ball python completely misses you.
* * * LOW HITPOINT WARNING * * *
The ball python constricts you.
An adder comes into view.
The ball python bites you but does no damage.
The ball python constricts you.
You escape the ball python's grasp.
The adder hisses angrily.
There is an escape hatch in the floor here.
The ball python barely misses you. x2
You slide downwards.
The hatch slams shut behind you.
Found a whip.
Unknown command.
Throw: 4 boomerangs (disperse)
Press: ? - help, Q - select action Shift-Dir - straight line, f - ball python
Aim: a ball python (severely wounded, 52% to hit)
You throw a boomerang of dispersal.
The boomerang of dispersal barely misses the ball python.
The ball python bites you. The ball python grabs you.
The ball python constricts you.
Throw: 3 boomerangs (disperse)
Press: ? - help, Q - select action Shift-Dir - straight line, f/p - ball python
Aim: a ball python (severely wounded, constricting you, 52% to hit)
You throw a boomerang of dispersal.
The boomerang of dispersal hits the ball python but does no damage.
The ball python is severely wounded.
The ball python bites you.
You die... #.###### #...@S.# ######)# #

You could see a ball python.

Vanquished Creatures
  A goblin (D:2)
  A rat (D:1)
2 creatures vanquished.

Notes
Turn   | Place    | Note
-------+----------+-------------------------------------------
     0 | D:1      | Shayle the Vine Stalker Warper began the quest for the Orb.
     0 | D:1      | Reached XP level 1. HP: 11/11 MP: 4/4
    34 | D:1      | You fall into a shaft and drop 1 floor!
    53 | D:3      | Slain by a ball python

Illustrated notes

Levels and vault maps discovered:
D:1:      enne_arrival_octagon_isle, layout_basic,
          ebering_ecumenical_altar_petrified, st_stairs_9
D:2:      layout_rooms, grunt_ministairs_15, uniq_sigmund, uniq_natasha
D:3:      layout_loops_ring, grunt_temple_overflow_holy_war,
          amcnicky_altar_gilded, minivault_19

Action                   || total
-------------------------++-------
Melee: Unarmed           ||    13
       Bite              ||     4
Throw: Boomerang         ||     3
Armor: Leather armour    ||    10
Dodge: Dodged            ||     8

Table legend: (Time is in decaauts)
 A = Elapsed time spent in this place.
 B = Non-inter-level travel time spent in this place.
 C = Inter-level travel time spent in this place.
 D = Time resting spent in this place.
 E = Time spent auto-exploring this place.
 F = Levels seen in this place.
 G = Mean time per level.
                   A        B        C        D        E       F      G
               +--------+--------+--------+--------+--------+-----+--------+
         Total |     52 |     52 |      0 |      0 |     22 |   3 |   17.3 |
       Dungeon |     52 |     52 |      0 |      0 |     22 |   3 |   17.3 |
               +--------+--------+--------+--------+--------+-----+--------+

Top non-repeatable levels by time:
     D:1: 33 daAuts
     D:2: 16 daAuts
     D:3: 1 daAuts
